Map: Persephone LE

Players

ShoWTimE - Winner!

  • Race: Protoss Protoss
  • League: Grandmaster
  • Spawn Location: 7:00

Spirit (souL)

  • Race: Terran Terran
  • League: Master
  • Spawn Location: 11:00

Event: HomeStory Cup XXVII

VOD

Have the link to the VOD?

Description

Time

  • Played on: June 27, 2025, 2:22 p.m.
  • Length: 13:48

All games in this series

Show
View Real Time Build Order
Export as new Build Order

ShoWTimE Protoss - Winner!

Build Orders: 1 Gate Expand, Phoenix Opening, Blink Stalkers 

Get SALT Encoding   

  12  0:00  Probe  
  13  0:12  Probe  
  14  0:17  Pylon  
  14  0:24  Probe  
  15  0:32  Probe  
  15  0:38  Gateway  
  15  0:40  Probe  
  16  0:45  Assimilator  
  17  0:50  Probe  
  18  1:03  Probe  
  19  1:15  Probe  
  20  1:21  Nexus  
  20  1:32  Cybernetics Core  
  20  1:34  Probe  
  21  1:40  Assimilator  
  21  1:46  Probe  
  22  1:50  Pylon  
  22  1:56  Stalker  
  22  1:58  Probe  
  23  2:08  Warp Gate  
  25  2:10  Probe  
  26  2:22  Probe  
  26  2:26  Sentry  
  26  2:27  Phoenix  
  26  2:29  Probe  
  29  2:35  Probe  
  31  2:37  Probe  
  31  2:41  Twilight Council  
  32  2:47  Probe x2  
  32  2:48  Stalker, Blink  
  36  2:59  Probe x2  
  36  3:01  Gateway  
  36  3:04  Phoenix  
  36  3:05  Gateway  
  38  3:11  Probe x2  
  40  3:23  Probe x2  
  40  3:25  Pylon  
  42  3:35  Probe  
  42  3:36  Probe  
  44  3:47  Probe  
  46  3:48  Nexus  
  46  3:56  Stalker x2  
  46  3:59  Stalker  
  46  4:01  Pylon  
  51  4:05  Probe x2  
  53  4:10  Pylon  
  53  4:17  Probe, Robotics Facility  
  53  4:19  Probe  
  53  4:21  Phoenix, Assimilator  
  55  4:29  Probe, Stalker x2  
  60  4:31  Stalker  
  60  4:34  Probe  
  60  4:37  Pylon  
  63  4:41  Charge  
  63  4:43  Forge  
  63  4:44  Probe  
  64  4:46  Probe  
  65  4:56  Probe  
  65  4:58  Probe  
  65  4:59  Gateway  
  67  5:06  Observer  
  67  5:08  Probe  
  69  5:14  Shield Battery  
  69  5:16  Shield Battery x2, Stalker x2  
  73  5:23  Probe  
  74  5:32  Immortal, Shield Battery  
  78  5:37  Zealot  
  80  5:44  Zealot  
  80  5:45  Pylon, Zealot  
  80  5:49  Gateway  
  83  5:50  Protoss Ground Weapons Level 1, Probe  
  83  5:55  Zealot  
  83  5:56  Shield Battery  
  83  6:08  Zealot x3  
  93  6:11  Immortal, Pylon  
  87  6:25  Stalker  
  83  6:26  Probe  
  83  6:28  Stalker  
  83  6:29  Probe x2, Stalker x2  
  90  6:37  Probe x2  
  90  6:38  Gateway, Probe  
  90  6:39  Gateway  
  91  6:44  Warp Prism  
  91  6:45  Probe x2  
  93  6:48  Robotics Bay  
  93  6:50  Probe  
  98  6:59  Zealot x4  
  106  7:07  Gateway  
  106  7:12  Pylon  
  106  7:14  Phoenix  
  106  7:16  Nexus  
  106  7:19  Sentry  
  108  7:23  Pylon x2  
  108  7:24  Colossus  
  108  7:36  Pylon, Extended Thermal Lance  
  114  7:46  Pylon, Zealot x6  
  114  7:50  Sentry  
  128  7:54  Pylon  
  128  7:56  Forge  
  128  7:59  Protoss Ground Weapons Level 2  
  128  8:02  Zealot  
  128  8:03  Probe x3  
  131  8:15  Probe x2  
  131  8:17  Zealot x4  
  131  8:18  Zealot x3  
  147  8:20  Protoss Ground Armor Level 1  
  147  8:30  Probe, Photon Cannon  
  147  8:31  Probe  
  147  8:33  Colossus  
  149  8:46  Pylon  
  155  8:53  Stalker  
  157  8:57  Stalker  
  157  8:58  Zealot x4  
  157  9:00  Probe x2  
  157  9:01  Assimilator  
  169  9:09  Pylon  
  149  9:14  Zealot x2  
  149  9:15  Pylon  
  147  9:21  Pylon  
  147  9:22  Stalker x3, Zealot x3  
  159  9:25  Colossus  
  163  9:40  Zealot x2  
  163  9:43  Gateway  
  167  9:46  Gateway, Zealot x6  
  129  10:02  Zealot x2  
  129  10:06  Zealot x6  
  113  10:11  Colossus  
  113  10:14  Pylon  
  103  10:22  Stalker x2  
  103  10:26  Stalker x3  
  110  10:29  Stalker x2  
  110  10:30  Zealot  
  116  10:38  Sentry  
  118  10:46  Cybernetics Core, Zealot x6  
  130  10:54  Zealot x2  
Show
View Real Time Build Order
Export as new Build Order

Spirit Terran 

Build Orders:  

Get SALT Encoding   

  12  0:00  SCV  
  13  0:12  SCV  
  14  0:17  Supply Depot  
  14  0:24  SCV  
  15  0:38  SCV  
  15  0:40  Barracks  
  16  0:43  Refinery  
  16  0:50  SCV  
  17  1:03  SCV  
  18  1:15  SCV  
  19  1:26  Marine  
  19  1:27  Orbital Command  
  20  1:39  Command Center  
  20  1:50  Factory  
  20  1:53  SCV  
  21  1:58  Refinery  
  21  2:03  Barracks Reactor  
  21  2:05  SCV  
  22  2:12  Supply Depot  
  22  2:17  SCV  
  23  2:33  SCV  
  23  2:35  Widow Mine  
  23  2:36  Starport  
  26  2:39  Marine x2  
  28  2:45  SCV  
  28  2:51  Orbital Command  
  29  2:56  Widow Mine  
  29  2:57  SCV  
  32  2:58  Marine  
  32  3:01  Marine  
  34  3:09  SCV  
  34  3:12  Medivac  
  37  3:17  Refinery  
  37  3:18  Factory Tech Lab  
  37  3:21  Marine  
  37  3:22  SCV  
  37  3:26  Supply Depot  
  39  3:31  SCV  
  39  3:32  Marine  
  41  3:35  SCV  
  41  3:39  Marine  
  41  3:40  Siege Tank  
  46  3:45  Starport Tech Lab  
  46  3:48  SCV  
  47  3:50  Marine  
  47  3:51  SCV  
  47  3:53  Supply Depot  
  50  4:03  Cloaking Field, Banshee, SCV  
  50  4:06  SCV  
  54  4:14  Marine  
  54  4:15  SCV  
  54  4:16  Siege Tank  
  57  4:18  Marine, SCV  
  57  4:23  Supply Depot  
  59  4:27  SCV  
  60  4:31  SCV  
  60  4:32  Marine  
  62  4:40  Marine  
  62  4:45  Supply Depot, SCV x2  
  64  4:46  Banshee  
  64  4:48  Siege Tank  
  70  4:53  Supply Depot  
  70  5:05  Marine  
  70  5:06  Marine, SCV x2  
  73  5:09  Barracks  
  73  5:10  Barracks  
  73  5:18  SCV x2  
  75  5:21  Siege Tank  
  75  5:22  Marine  
  75  5:24  Marine  
  78  5:29  Banshee  
  78  5:31  SCV x2  
  80  5:40  Marine  
  80  5:42  Marine  
  82  5:43  SCV x2  
  82  5:48  Supply Depot, Engineering Bay  
  84  5:54  Siege Tank  
  84  5:55  SCV  
  86  5:58  SCV  
  86  6:04  Marine x2  
  86  6:10  SCV x2  
  84  6:22  Marine x2, SCV x2  
  72  6:26  Siege Tank  
  72  6:28  Barracks Tech Lab x2  
  72  6:29  Barracks x2  
  75  6:33  Terran Infantry Weapons Level 1  
  75  6:34  SCV x2  
  75  6:36  Refinery  
  76  6:40  Supply Depot, Marine x2  
  76  6:46  SCV x2  
  80  6:49  Stimpack  
  80  6:50  Marine x2  
  79  6:55  Starport Reactor  
  79  6:56  Bunker  
  79  6:58  Marine x2, SCV x2, Siege Tank  
  83  7:03  Supply Depot  
  83  7:08  Marine x2  
  84  7:10  SCV  
  86  7:16  Marine  
  86  7:18  Command Center, SCV  
  86  7:22  SCV  
  89  7:23  Barracks Reactor  
  89  7:24  Concussive Shells  
  89  7:27  Marauder, Supply Depot, Marine  
  92  7:33  Marauder, Marine  
  92  7:34  Combat Shield  
  92  7:36  Marauder, Medivac x2  
  101  7:44  Marine  
  101  7:48  Supply Depot  
  101  7:49  Marauder  
  101  7:50  Supply Depot  
  104  7:51  Marine  
  104  7:53  Widow Mine  
  104  7:54  Marauder  
  104  7:57  Marauder  
  111  7:59  Ghost Academy, SCV  
  111  8:00  SCV  
  111  8:02  Marine  
  108  8:06  Marine  
  108  8:09  Marine  
  108  8:10  Marauder, Medivac  
  108  8:11  Medivac  
  115  8:15  Marine  
  115  8:16  Marauder  
  115  8:18  Marauder  
  120  8:20  Marine  
  120  8:24  Marine  
  122  8:31  Marauder  
  122  8:34  Marine  
  125  8:35  Supply Depot  
  125  8:37  Marauder  
  125  8:39  Marine  
  125  8:40  Marauder, Marine, Medivac  
  132  8:41  SCV x2  
  132  8:42  Marine  
  135  8:50  Orbital Command  
  135  8:51  Marine  
  135  8:52  Medivac  
  135  8:53  Marauder  
  140  8:57  Marine  
  140  8:58  Marauder, Marine  
  140  9:02  Marine  
  145  9:07  Marine  
  135  9:14  Marine  
  135  9:15  Marauder  
  135  9:17  Marine  
  134  9:18  Marine  
  134  9:20  Marauder  
  130  9:26  Marauder, Siege Tank  
  133  9:37  Marauder, Marine  
  133  9:38  Marine  
  136  9:39  Marine  
  136  9:42  Marine  
  139  9:46  Marine  
  139  9:51  Marine  
  131  9:56  Marine  
  131  9:59  Marine  
  101  10:05  Marauder  
  87  10:09  Marine  
  75  10:15  Marine  
  75  10:19  Marine  
  71  10:22  Marine  
  71  10:25  Marine  
  70  10:29  Marine  
  70  10:35  Marauder  
  72  10:36  Marine  
  72  10:37  Marine  
  72  10:41  Marine  
  75  10:49  Marauder  
  77  10:51  Marine  
  77  10:53  Marine  
  79  11:01  Marine  
  79  11:02  Marauder  
Tags
 
Add a new tag
Caveats
  • Supply blocks, unpowered buildings, or Contaminate may cause inaccurate times.
  • Supply counts are checked every 10 seconds.